 Dungeon Crawl Stone Soup version 0.28-a0-2-g643f2454ad (webtiles) character file.

Game seed: 15467004729611245843

77 gimp the Skirmisher (level 4, 0/39 HPs)
             Began as a Formicid Wanderer on July 23, 2021.
             Slain by a gnoll (4 damage)
             ... on level 2 of the Dungeon.
             The game lasted 00:03:33 (1703 turns).

gimp the Skirmisher (Formicid Wanderer)             Turns: 1703, Time: 00:03:34

Health: 0/39       AC:  7    Str: 20    XL:     4   Next: 58%
Magic:  8/8        EV:  9    Int: 11    God:
Gold:   35         SH:  0    Dex:  8    Spells: 9/9 levels left

rFire   . . .      SeeInvis +   b - +0 spear
rCold   . . .      Faith    .   (no shield)
rNeg    . . .      Spirit   .   j - +0 scale mail
rPois   .          Reflect  .   (helmet unavailable)
rElec   .          Harm     .   (no cloak)
rCorr   .          Rampage  .   (no gloves)
Will    .....                   (no boots)
Stlth   ..........              (no amulet)
HPRegen 0.13/turn               (no ring)
MPRegen 0.11/turn               (no ring)

@: no status effects
A: permanent stasis, dig shafts and tunnels, antennae 3, four strong arms
a: Dig, Shaft Self


You were on level 2 of the Dungeon.
You visited 1 branch of the dungeon, and saw 2 of its levels.

You collected 35 gold pieces.

Inventory:

Hand Weapons
 a - a +0 shortbow
 b - a +0 spear (weapon)
Missiles
 c - 17 arrows
Armour
 e - a +0 robe
 j - a +0 scale mail (worn)
Wands
 d - a wand of paralysis (5) (quivered)
Scrolls
 g - 4 scrolls of enchant armour {unknown}
 h - a scroll of brand weapon {unknown}
 i - a scroll of blinking {unknown}
Potions
 k - a potion of mutation {unknown}


   Skills:
 - Level 5.0 Fighting
 + Level 3.8 Armour
 - Level 3.2 Spellcasting
 - Level 2.1 Evocations


You had 9 spell levels left.
You didn't know any spells.
Your spell library contained the following spells:

 Spells                   Type           Power      Damage    Failure   Level
 Lesser Beckoning         Tloc           0%         N/A       91%         3
 Manifold Assault         Tloc           1%         N/A       100%        5
 Blink                    Tloc           Unusable   N/A       N/A         2

Dungeon Overview and Level Annotations

Branches:
Dungeon (2/15)

Altars:


Innate Abilities, Weirdness & Mutations

You cannot be hasted, slowed, berserked, paralysed or teleported.
You can dig through walls and to a lower floor.
You have a pair of large antennae on your head. (SInv)
Your four strong arms can wield two-handed weapons with a shield.


Message History

You hit the gnoll.
You kill the gnoll!
Aiming: Paralyse
Press: ? - help, Q - select action, (/) - cycle Shift-Dir - straight line, f - gnoll
Aim: a gnoll, wielding a +0 club (chance to affect: 61%)
The gnoll suddenly stops moving!
The helpless gnoll fails to defend itself.
You hit the gnoll.
The gnoll is lightly wounded.
The helpless gnoll fails to defend itself.
You hit the gnoll.
The gnoll is moderately wounded.
The helpless gnoll fails to defend itself.
You hit the gnoll.
The gnoll is heavily wounded.
The helpless gnoll fails to defend itself.
You hit the gnoll but do no damage.
The gnoll is heavily wounded.
The helpless gnoll fails to defend itself.
You hit the gnoll.
The gnoll is almost dead.
The helpless gnoll fails to defend itself.
You hit the gnoll.
The gnoll is almost dead.
The helpless gnoll fails to defend itself.
You hit the gnoll.
You kill the gnoll!
You hit the gnoll.
The gnoll is moderately wounded.
The gnoll hits you with a +2 spear of freezing.
* * * LOW HITPOINT WARNING * * *
The gnoll freezes you.
* * * LOW HITPOINT WARNING * * *
You take 4 damage, and have 4/39 hp.
Aiming: Paralyse
Press: ? - help, Q - select action, (/) - cycle Shift-Dir - straight line, f - gnoll
Aim: a gnoll, wielding a +2 spear of freezing (moderately wounded, chance to affect: 61%)
The gnoll resists with significant effort.
The gnoll hits you with a +2 spear of freezing.
You die...

#.. #.# #.#######
#.......# #.g...g.#
#.g..g..# ### #.#
##g###g# #@#.#..#
####g#.###
#.....#### #
#..........#
#####.....####.##.#
#.........†........
#.#########..#.###
#.#####..#...#.#
#.#..........#.####


You could see a gnoll.

Vanquished Creatures
  An adder (D:2)
  3 gnolls (D:2)
  2 worms (D:2)
  3 ball pythons
  2 bats
  2 endoplasms
  2 giant cockroaches (D:2)
  A goblin (D:1)
  4 hobgoblins
  2 jackals (D:1)
  5 kobolds (D:1)
  2 quokkas (D:1)
  2 frilled lizards (D:2)
  2 rats
33 creatures vanquished.

Notes
Turn   | Place    | Note
-------+----------+-------------------------------------------
     0 | D:1      | gimp the Formicid Wanderer began the quest for the Orb.
     0 | D:1      | gimp set off with the following items: a +0 shortbow, a
                  | wand of paralysis (15), 21 arrows, a +0 spear, a +0 robe
     0 | D:1      | Reached XP level 1. HP: 20/20 MP: 4/4
   127 | D:1      | Reached XP level 2. HP: 21/26 MP: 6/6
   655 | D:1      | Found a faded altar of an unknown god.
   974 | D:2      | Reached XP level 3. HP: 30/32 MP: 7/7
  1267 | D:2      | Reached skill level 5 in Fighting
  1688 | D:2      | Reached XP level 4. HP: 6/39 MP: 8/8
  1703 | D:2      | Slain by a gnoll

Illustrated notes

Levels and vault maps discovered:
D:1:      dpeg_arrival_renting, layout_loops_ring,
          hellmonk_ecumenical_altar_inner_sanctum
D:2:      layout_basic, st_stairs_4

Skill      XL: |  1  2  3 |
---------------+----------+-----
Armour         | 2 3 |  3.8
Fighting       | 5 |  5.0
Spellcasting   | |  3.2
Evocations     | |  2.1

Action                   |  1- 3 |  4- 6 || total
-------------------------+-------+-------++-------
Melee: Spear             |   124 |    13 ||   137
 Fire: Shortbow          |    51 |       ||    51
 Abil: Dig               |     5 |       ||     5
Evoke: Wand              |     7 |     3 ||    10
  Use: Potion            |     1 |       ||     1
 Stab: Paralysed         |     8 |    12 ||    20
Armor: Scale mail        |    50 |       ||    50
       Robe              |     5 |       ||     5
Dodge: Dodged            |    72 |       ||    72

Table legend: (Time is in decaauts)
 A = Elapsed time spent in this place.
 B = Non-inter-level travel time spent in this place.
 C = Inter-level travel time spent in this place.
 D = Time resting spent in this place.
 E = Time spent auto-exploring this place.
 F = Levels seen in this place.
 G = Mean time per level.
                   A        B        C        D        E       F      G
               +--------+--------+--------+--------+--------+-----+--------+
         Total |   1733 |   1733 |      0 |      0 |   1359 |   2 |  866.5 |
       Dungeon |   1733 |   1733 |      0 |      0 |   1359 |   2 |  866.5 |
               +--------+--------+--------+--------+--------+-----+--------+

Top non-repeatable levels by time:
     D:1: 940 daAuts
     D:2: 793 daAuts
